| TOP OF THE 1ST |
|
Batavia Muckdogs batting - Pitching for Tri-City Dust Devils : RHP Brian McDaniel
|
|
Pitching: RHP Brian McDaniel
|
|
|
Batting: RHB Calvin Morin
|
0-0: Ball 1-0: Ground out U3 (Groundball, 3L, EV 96.2 MPH)
|
|
Batting: RHB Len Graham
|
0-0: Foul Ball, location: 2F 0-1: Foul Ball, location: 2F 0-2: Ball 1-2: Foul Ball, location: 2F 1-2: Ball 2-2: Fly out, F5 (Line Drive, 5, EV 66.9 MPH)
|
|
Batting: LHB Ryan Thompson
|
0-0: Foul Ball, location: 2F 0-1: Fly out, F8 (Flyball, 8RXD, EV 93.1 MPH)
|
| Top of the 1st over - 0 runs, 0 hits, 0 errors, 0 left on base; Batavia 0 - Tri-City 0 |
| BOTTOM OF THE 1ST |
|
Tri-City Dust Devils batting - Pitching for Batavia Muckdogs : RHP Gabe Behrend
|
|
Pitching: RHP Gabe Behrend
|
|
|
Batting: RHB Ruben Luis
|
0-0: Ball 1-0: Swinging Strike 1-1: Reached on error, E6 (Groundball, 6S, EV 85.0 MPH)
|
|
Batting: SHB Ryan Brown
|
0-0: SINGLE (Groundball, 56D, EV 103.8 MPH) Ruben Luis to third Runner from 3rd tries for Home, throw by LF and OUT! 7-2 Ryan Brown to second
|
|
Batting: RHB Hector Fernandez
|
0-0: SINGLE (Groundball, 56D, EV 111.9 MPH) Ryan Brown to third
|
|
Batting: RHB Joe Weissman
|
0-0: Foul Ball, location: 2F 0-1: Foul Ball, location: 2F 0-2: Fly out, F3 (Popup, 3S, EV 88.8 MPH)
|
|
Batting: LHB Paul Adams
|
0-0: Ball 1-0: Ground out 4-3 (Groundball, 4, EV 98.8 MPH)
|
| Bottom of the 1st over - 0 runs, 2 hits, 1 error, 2 left on base; Batavia 0 - Tri-City 0 |
| TOP OF THE 2ND |
|
Batavia Muckdogs batting - Pitching for Tri-City Dust Devils : RHP Brian McDaniel
|
|
Batting: LHB David Doge
|
0-0: Ball 1-0: Ground out 3-1 (Groundball, 34, EV 106.9 MPH)
|
|
Batting: LHB Justin Blakely
|
0-0: Called Strike 0-1: Ball 1-1: Ball 2-1: Ball 3-1: Foul Ball, location: 2F 3-2: Base on Balls
|
|
Batting: RHB Larry LeFever
|
0-0: Called Strike 0-1: Ball 1-1: Called Strike 1-2: Ball 2-2: Ball 3-2: Strikes out swinging
|
|
Batting: LHB Emilio Montalvo
|
0-0: Ball 1-0: Ball 2-0: Called Strike 2-1: SINGLE (Groundball, 6D, EV 104.4 MPH) Justin Blakely to second
|
|
Batting: RHB Jeremy Dennis
|
0-0: Ball 1-0: Swinging Strike 1-1: Swinging Strike 1-2: Ball 2-2: DOUBLE (Groundball, 3L, EV 103.8 MPH) Justin Blakely scores Emilio Montalvo to third Runner from 3rd tries for Home, SAFE, throw by RF to home
|
|
Batting: RHB Jose Trevino
|
0-0: Ball 1-0: Swinging Strike 1-1: Ball 2-1: Called Strike 2-2: Foul Ball, location: 2F 2-2: Foul Ball, location: 2F 2-2: Ball 3-2: Base on Balls
|
|
Batting: RHB Calvin Morin
|
0-0: Called Strike 0-1: Foul Ball, location: 2F 0-2: Foul Ball, location: 2F 0-2: Ball 1-2: SINGLE (Groundball, 6, EV 94.4 MPH) Jeremy Dennis to third Jose Trevino to second Runner from 3rd tries for Home, throw by LF and OUT! 7-2
|
| Top of the 2nd over - 2 runs, 3 hits, 0 errors, 2 left on base; Batavia 2 - Tri-City 0 |
| BOTTOM OF THE 2ND |
|
Tri-City Dust Devils batting - Pitching for Batavia Muckdogs : RHP Gabe Behrend
|
|
Batting: RHB Jeremy Mercer
|
0-0: Called Strike 0-1: Ball 1-1: Called Strike 1-2: Foul Ball, location: 2F 1-2: Ground out 6-3 (Groundball, 6, EV 103.1 MPH)
|
|
Batting: LHB Roger Duque
|
0-0: Ball 1-0: Bunt for hit to 13 - play at first, batter OUT! 1-3
|
|
Batting: RHB Derrick Abrams
|
0-0: Ball 1-0: Ball 2-0: Ball 3-0: Called Strike 3-1: Swinging Strike 3-2: Strikes out swinging
|
| Bottom of the 2nd over - 0 runs, 0 hits, 0 errors, 0 left on base; Batavia 2 - Tri-City 0 |
| TOP OF THE 3RD |
|
Batavia Muckdogs batting - Pitching for Tri-City Dust Devils : RHP Brian McDaniel
|
|
Batting: RHB Len Graham
|
0-0: Called Strike 0-1: Ball 1-1: Foul Ball, location: 2F 1-2: Foul Ball, location: 2F 1-2: Strikes out swinging
|
|
Batting: LHB Ryan Thompson
|
0-0: Foul Ball, location: 2F 0-1: Ball 1-1: Foul Ball, location: 2F 1-2: SINGLE (Line Drive, 9S, EV 96.2 MPH)
|
|
Batting: LHB David Doge
|
0-0: Called Strike 0-1: Called Strike 0-2: Ball 1-2: Ball 2-2: Ball 3-2: Foul Ball, location: 2F 3-2: SINGLE (Groundball, 6M, EV 99.4 MPH) (infield hit) Ryan Thompson to second
|
|
Batting: LHB Justin Blakely
|
0-0: Ball 1-0: Ball 2-0: Fly out, F8 (Flyball, 78M, EV 83.1 MPH)
|
|
Batting: RHB Larry LeFever
|
0-0: Ball 1-0: Ball 2-0: Swinging Strike 2-1: Ball 3-1: Fielders Choice at 2nd, 6-4 (Groundball, 6, EV 84.4 MPH)
|
| Top of the 3rd over - 0 runs, 2 hits, 0 errors, 2 left on base; Batavia 2 - Tri-City 0 |
| BOTTOM OF THE 3RD |
|
Tri-City Dust Devils batting - Pitching for Batavia Muckdogs : RHP Gabe Behrend
|
|
Batting: RHB Bernardino Truyeres
|
0-0: Called Strike 0-1: Called Strike 0-2: Ball 1-2: Ball 2-2: Strikes out looking
|
|
Batting: RHB Ruben Luis
|
0-0: Called Strike 0-1: Called Strike 0-2: Ball 1-2: Ground out 4-3 (Groundball, 4MS, EV 63.1 MPH)
|
|
Batting: SHB Ryan Brown
|
0-0: Swinging Strike 0-1: Foul Ball, location: 2F 0-2: Ground out 4-3 (Groundball, 4, EV 82.5 MPH)
|
| Bottom of the 3rd over - 0 runs, 0 hits, 0 errors, 0 left on base; Batavia 2 - Tri-City 0 |
| TOP OF THE 4TH |
|
Batavia Muckdogs batting - Pitching for Tri-City Dust Devils : RHP Brian McDaniel
|
|
Batting: LHB Emilio Montalvo
|
0-0: Called Strike 0-1: Ball 1-1: Called Strike 1-2: Ball 2-2: Foul Ball, location: 2F 2-2: Ball 3-2: Strikes out looking
|
|
Batting: RHB Jeremy Dennis
|
0-0: Ground out 6-3 (Groundball, 56, EV 88.1 MPH)
|
|
Batting: RHB Jose Trevino
|
0-0: Ball 1-0: Ball 2-0: Called Strike 2-1: Fly out, F7 (Flyball, 7S, EV 83.8 MPH)
|
| Top of the 4th over - 0 runs, 0 hits, 0 errors, 0 left on base; Batavia 2 - Tri-City 0 |
| BOTTOM OF THE 4TH |
|
Tri-City Dust Devils batting - Pitching for Batavia Muckdogs : RHP Gabe Behrend
|
|
Batting: RHB Hector Fernandez
|
0-0: Ball 1-0: Ball 2-0: Called Strike 2-1: Foul Ball, location: 2F 2-2: Foul Ball, location: 2F 2-2: Ball 3-2: Strikes out looking
|
|
Batting: RHB Joe Weissman
|
0-0: Ball 1-0: Ground out 5-3 (Groundball, 56, EV 89.4 MPH)
|
|
Batting: LHB Paul Adams
|
0-0: Called Strike 0-1: Foul Ball, location: 2F 0-2: Ground out 4-3 (Groundball, 4M, EV 101.9 MPH)
|
| Bottom of the 4th over - 0 runs, 0 hits, 0 errors, 0 left on base; Batavia 2 - Tri-City 0 |
| TOP OF THE 5TH |
|
Batavia Muckdogs batting - Pitching for Tri-City Dust Devils : RHP Brian McDaniel
|
|
Batting: RHB Calvin Morin
|
0-0: Foul Ball, location: 2F 0-1: Ball 1-1: Ground out 5-3 (Groundball, 5, EV 101.9 MPH)
|
|
Batting: RHB Len Graham
|
0-0: Ground out 6-3 (Groundball, 6, EV 81.2 MPH)
|
|
Batting: LHB Ryan Thompson
|
0-0: Ball 1-0: Swinging Strike 1-1: Swinging Strike 1-2: Ball 2-2: Ball 3-2: Base on Balls
|
|
Batting: LHB David Doge
|
0-0: Ball 1-0: Swinging Strike 1-1: Fly out, F4 (Line Drive, 4, EV 70.0 MPH)
|
| Top of the 5th over - 0 runs, 0 hits, 0 errors, 1 left on base; Batavia 2 - Tri-City 0 |
| BOTTOM OF THE 5TH |
|
Tri-City Dust Devils batting - Pitching for Batavia Muckdogs : RHP Gabe Behrend
|
|
Batting: RHB Jeremy Mercer
|
0-0: Called Strike 0-1: Ball 1-1: Ball 2-1: Ball 3-1: Foul Ball, location: 2F 3-2: SINGLE (Line Drive, 9S, EV 89.4 MPH)
|
|
Batting: LHB Roger Duque
|
0-0: Ball 1-0: Called Strike Pickoff Play to 1st, Runner tries for 2nd, OUT after rundown. 1-1: Ball 2-1: Ball 3-1: SINGLE (Groundball, 56S, EV 70.0 MPH) (infield hit)
|
|
Batting: RHB Derrick Abrams
|
0-0: Called Strike Roger Duque steals 2nd base 0-1: Ball 1-1: Called Strike 1-2: Foul Ball, location: 2F 1-2: Ball 2-2: Ball 3-2: DOUBLE (Groundball, 5L, EV 100.6 MPH) Roger Duque scores
|
|
Pitching: RHP Ryan Babbitt
|
|
|
Batting: RHB Bernardino Truyeres
|
0-0: Ball 1-0: Foul Ball, location: 2F 1-1: Swinging Strike 1-2: Ball 2-2: Foul Ball, location: 2F 2-2: SINGLE (Groundball, 4D, EV 96.2 MPH) Derrick Abrams to third
|
|
Batting: RHB Ruben Luis
|
0-0: Ball 1-0: Ball 2-0: Foul Ball, location: 2F 2-1: Foul Ball, location: 2F 2-2: Ball 3-2: Strikes out looking
|
|
Batting: SHB Ryan Brown
|
0-0: Called Strike 0-1: Foul Ball, location: 2F 0-2: Ball 1-2: Foul Ball, location: 2F 1-2: Strikes out swinging
|
| Bottom of the 5th over - 1 run, 4 hits, 0 errors, 2 left on base; Batavia 2 - Tri-City 1 |
| TOP OF THE 6TH |
|
Batavia Muckdogs batting - Pitching for Tri-City Dust Devils : RHP Brian McDaniel
|
|
DELAY
|
Rain delay of 28 minutes in the 6th inning.
|
|
Pitching: RHP Tim Martin
|
|
|
Batting: LHB Justin Blakely
|
0-0: Ball 1-0: Foul Ball, location: 2F 1-1: Called Strike 1-2: Ground out 6-3 (Groundball, 56, EV 83.8 MPH)
|
|
Batting: RHB Larry LeFever
|
0-0: Called Strike 0-1: Ball 1-1: Ball 2-1: Foul Ball, location: 2F 2-2: Ball 3-2: Foul Ball, location: 2F 3-2: Foul Ball, location: 2F 3-2: Base on Balls
|
|
Batting: LHB Emilio Montalvo
|
0-0: Foul Ball, location: 2F 0-1: Called Strike 0-2: Foul Ball, location: 2F 0-2: Ball 1-2: Ball 2-2: Ball Larry LeFever steals 2nd base 3-2: Intentional Walk
|
|
Batting: RHB Jeremy Dennis
|
0-0: Fielders Choice at 2nd, 6-4 (Groundball, 56, EV 93.1 MPH) Larry LeFever to third
|
|
Batting: RHB Jose Trevino
|
0-0: Called Strike 0-1: Ball 1-1: Ball 2-1: Called Strike 2-2: Ball 3-2: Strikes out looking
|
| Top of the 6th over - 0 runs, 0 hits, 0 errors, 2 left on base; Batavia 2 - Tri-City 1 |
| BOTTOM OF THE 6TH |
|
Tri-City Dust Devils batting - Pitching for Batavia Muckdogs : RHP Ryan Babbitt
|
|
Batting: RHB Hector Fernandez
|
0-0: Swinging Strike 0-1: Foul Ball, location: 2F 0-2: Reached on error, E6 (Groundball, 6, EV 95.0 MPH)
|
|
Pitching: RHP Scott Feltham
|
|
|
Batting: RHB Joe Weissman
|
0-0: Called Strike 0-1: Ball 1-1: Foul Ball, location: 2F 1-2: Ball 2-2: Fly out, F8 (Flyball, 8RM, EV 90.6 MPH)
|
|
Batting: LHB Paul Adams
|
0-0: Ball Hector Fernandez steals 2nd, throwing error, E2 Hector Fernandez to third 1-0: Fly out, F7 (Flyball, 7LM, EV 94.4 MPH) Runner from 3rd tags up, SCORES, no throw by LF
|
|
Batting: RHB Jeremy Mercer
|
0-0: Ball 1-0: Called Strike 1-1: Ground out 5-3 (Groundball, 56S, EV 65.0 MPH)
|
| Bottom of the 6th over - 1 run, 0 hits, 2 errors, 0 left on base; Batavia 2 - Tri-City 2 |
| TOP OF THE 7TH |
|
Batavia Muckdogs batting - Pitching for Tri-City Dust Devils : RHP Tim Martin
|
|
Pitching: RHP Eric Ovitt
|
|
|
Batting: RHB Calvin Morin
|
0-0: Ball 1-0: Ground out 5-3 (Groundball, 56S, EV 90.6 MPH)
|
|
Batting: RHB Len Graham
|
0-0: Foul Ball, location: 2F 0-1: Ball 1-1: Foul Ball, location: 2F 1-2: Ball 2-2: Foul Ball, location: 2F 2-2: Fly out, F2 (Popup, 2LF, EV 82.5 MPH)
|
|
Batting: LHB Ryan Thompson
|
0-0: Hit by Pitch
|
|
Batting: LHB David Doge
|
0-0: Swinging Strike 0-1: Foul Ball, location: 2F 0-2: Strikes out swinging
|
| Top of the 7th over - 0 runs, 0 hits, 0 errors, 1 left on base; Batavia 2 - Tri-City 2 |
| BOTTOM OF THE 7TH |
|
Tri-City Dust Devils batting - Pitching for Batavia Muckdogs : RHP Scott Feltham
|
|
Batting: LHB Roger Duque
|
0-0: Called Strike 0-1: Ball 1-1: Swinging Strike 1-2: Ball 2-2: Foul Ball, location: 2F 2-2: Foul Ball, location: 2F 2-2: Ball 3-2: Base on Balls
|
|
Pitching: RHP Alex Garza
|
|
|
Pinch Hitting: LHB Frank McConnell
|
0-0: Bunted foul 0-1: Bunt missed! 0-2: Fly out, F7 (Flyball, 78D, EV 110.0 MPH)
|
|
Batting: RHB Bernardino Truyeres
|
0-0: Ball 1-0: 2-RUN HOME RUN (Line Drive, 7LD, EV 100.6 MPH), Distance : 361 ft
|
|
Batting: RHB Ruben Luis
|
0-0: SINGLE (Groundball, 56S, EV 60.0 MPH) (infield hit)
|
|
Batting: SHB Ryan Brown
|
0-0: Swinging Strike 0-1: Foul Ball, location: 2F 0-2: Ball Ruben Luis is caught stealing 2nd base 2-6 1-2: Strikes out swinging
|
| Bottom of the 7th over - 2 runs, 2 hits, 0 errors, 0 left on base; Batavia 2 - Tri-City 4 |
| TOP OF THE 8TH |
|
Batavia Muckdogs batting - Pitching for Tri-City Dust Devils : RHP Eric Ovitt
|
|
Now in LF: Jaden Scott
|
|
|
Batting: LHB Justin Blakely
|
0-0: Ball 1-0: Called Strike 1-1: Foul Ball, location: 2F 1-2: Strikes out looking
|
|
Pinch Hitting: LHB Andrew van Dongen
|
0-0: Foul Ball, location: 2F 0-1: Hit by Pitch
|
|
Batting: LHB Emilio Montalvo
|
0-0: Swinging Strike 0-1: Called Strike 0-2: Strikes out swinging
|
|
Pinch Hitting: LHB Carlos Mosqueda
|
0-0: Called Strike 0-1: Foul Ball, location: 2F 0-2: Foul Ball, location: 2F 0-2: Ball 1-2: Strikes out swinging
|
| Top of the 8th over - 0 runs, 0 hits, 0 errors, 1 left on base; Batavia 2 - Tri-City 4 |
| BOTTOM OF THE 8TH |
|
Tri-City Dust Devils batting - Pitching for Batavia Muckdogs : RHP Alex Garza
|
|
Now at 1B: Carlos Mosqueda
|
|
|
Now at 2B: Len Graham
|
|
|
Now at SS: J.J. Barajas
|
|
|
Batting: RHB Hector Fernandez
|
0-0: Called Strike 0-1: Called Strike 0-2: Ball 1-2: SOLO HOME RUN (Flyball, 7LD, EV 96.2 MPH), Distance : 347 ft
|
|
Batting: RHB Joe Weissman
|
0-0: Ball 1-0: Called Strike 1-1: Swinging Strike 1-2: Ball 2-2: DOUBLE (Groundball, 5L, EV 101.2 MPH)
|
|
Pitching: RHP Giampaolo Nobile
|
|
|
Batting: LHB Paul Adams
|
0-0: Fly out, F9 (Line Drive, 9, EV 102.5 MPH)
|
|
Batting: RHB Jeremy Mercer
|
0-0: Called Strike 0-1: Swinging Strike 0-2: Ball 1-2: Strikes out swinging
|
|
Batting: LHB Roger Duque
|
0-0: SINGLE (Groundball, 56D, EV 97.5 MPH) (infield hit) Joe Weissman to third
|
|
Batting: RHB Jaden Scott
|
0-0: Ball Wild Pitch! Joe Weissman scores Roger Duque to second 1-0: Called Strike 1-1: Ball 2-1: Ball 3-1: 2-RUN HOME RUN (Flyball, 7LD, EV 96.9 MPH), Distance : 351 ft
|
|
Batting: RHB Bernardino Truyeres
|
0-0: Ball 1-0: Ball 2-0: SINGLE (Groundball, 6D, EV 101.2 MPH)
|
|
Batting: RHB Ruben Luis
|
0-0: Ball 1-0: Foul Ball, location: 2F 1-1: Swinging Strike 1-2: Strikes out looking
|
| Bottom of the 8th over - 4 runs, 5 hits, 0 errors, 1 left on base; Batavia 2 - Tri-City 8 |
| TOP OF THE 9TH |
|
Batavia Muckdogs batting - Pitching for Tri-City Dust Devils : RHP Eric Ovitt
|
|
Pinch Hitting: LHB Mario Tirado
|
0-0: Called Strike 0-1: Ball 1-1: Ball 2-1: Ball 3-1: Swinging Strike 3-2: Fly out, F9 (Flyball, 89M, EV 84.4 MPH)
|
|
Pinch Hitting: SHB Dan Zink
|
0-0: Ball 1-0: Ball 2-0: Ball 3-0: Called Strike 3-1: Base on Balls
|
|
Pitching: LHP Bei XĂș
|
|
|
Batting: RHB Len Graham
|
0-0: Foul Ball, location: 2F 0-1: Ball 1-1: SINGLE (Groundball, 56S, EV 65.0 MPH) (infield hit) Dan Zink to second
|
|
Batting: LHB Ryan Thompson
|
0-0: Ball 1-0: Grounds into double play, 4-6-3 (Groundball, 4, EV 88.1 MPH)
|
| Top of the 9th over - 0 runs, 1 hit, 0 errors, 1 left on base; Batavia 2 - Tri-City 8 |
|